 Dungeon Crawl Stone Soup version 0.30-a0-715-gdb4ae3ece1 (webtiles) character file.

Game seed: 13323179904802608251

23 M4edhros the Insei (level 2, -3/18 HPs)
             Began as an Octopode Transmuter on Jan 24, 2023.
             Slain by Jessica
             ... wielding a +0 dagger
              (6 damage)
             ... on level 2 of the Dungeon.
             The game lasted 00:00:36 (467 turns).

M4edhros the Insei (Octopode Transmuter)             Turns: 467, Time: 00:00:37

Health: -3/18      AC:  1    Str:  9    XL:     2   Next: 95%
Magic:  4/5        EV: 13    Int: 15    God:
Gold:   83         SH:  0    Dex: 12    Spells: 4/5 levels left

rFire   . . .      SeeInvis .      - Unarmed
rCold   . . .      Faith    .    (no shield)
rNeg    . . .      Spirit   .    (helmet currently unavailable)
rPois   .          Reflect  .    (no amulet)
rElec   .          Harm     .    (no ring)
rCorr   .          Rampage  .    (no ring)
Will    .....                    (no ring)
Stlth   ++                       (no ring)
HPRegen 0.23/turn                (no ring)
MPRegen 0.09/turn                (no ring)
                                 (no ring)
                                 (no ring)

@: appendages
A: tentacle spike 3, almost no armour, amphibious, 8 rings, camouflage 1,
gelatinous body 1, (nimble swimmer 1), tentacles
a: End Transformation


You were on level 2 of the Dungeon.
One of your tentacles had grown a beastly spike.
You visited 1 branch of the dungeon, and saw 2 of its levels.

You collected 83 gold pieces.

Inventory:

Scrolls
 b - a scroll of enchant armour {unknown}
 e - a scroll of torment {unknown}
Potions
 a - a potion of lignification
 c - a potion of might
 d - a potion of ambrosia {unknown}


   Skills:
 - Level 1.0 Fighting
 - Level 2.0 Dodging
 + Level 4.0 Unarmed Combat
 - Level 2.0 Spellcasting
 - Level 2.0 Transmutations


You had 4 spell levels left.
You knew the following spells:

 Your Spells              Type           Power      Damage    Failure   Level
a - Beastly Appendage     Tmut           14%        N/A       10%         1

Your spell library contained the following spells:

 Spells                   Type           Power      Damage    Failure   Level
 Wereblood                Tmut           7%         N/A       14%         2
 Spider Form              Tmut/Pois      4%         N/A       41%         3
 Ice Form                 Ice/Tmut       4%         N/A       82%         4


Dungeon Overview and Level Annotations

Branches:
Dungeon (2/15)

Altars:

Annotations:
D:2 Jessica


Innate Abilities, Weirdness & Mutations

One of your tentacles has grown a beastly spike.
You cannot wear most types of armour.
You are amphibious.
You can wear up to eight rings at the same time.
Your skin changes colour to match your surroundings (Stealth+).
Your rubbery body absorbs attacks. (AC +1, EV +1)
((You are camouflaged when in or above water. (Stealth+)))
You have tentacles for arms and can constrict up to eight enemies at once.


Message History

A ball python is nearby!
A ball python is nearby!
You tentacle-slap the ball python.
You kill the ball python!
You now have 83 gold pieces (gained 5).
An adder comes into view.
You see here a +0 hand axe.
Jessica the Apprentice Sorceress comes into view.
She is wielding a +0 dagger.
Jessica shouts!
The adder hisses angrily.
You hear a shout!
There are monsters nearby!
The adder bites you.
You aren't carrying any items that you can evoke.
Okay, then.
Okay, then.
You tentacle-slap the adder. You grab the adder.
The adder is lightly wounded.
You constrict the adder.
A goblin comes into view. It is wielding a +0 club.
The adder barely misses you.
You tentacle-slap the adder. Your squeeze misses the adder.
The adder is heavily wounded.
You constrict the adder. The adder bites you.
Casting: Beastly Appendage (safe; 10% risk of failure)
Confirm with . or Enter, or press ? or * to list all spells.
One of your tentacles grows a vicious spike.
You constrict the adder.
Jessica drinks a potion.
Jessica seems to grow stronger.
The adder bites you.
You tentacle-slap the adder but do no damage.
You pierce the adder.
You squeeze the adder.
You kill the adder!
Your Unarmed Combat skill increases to level 4!
You barely miss Jessica. You grab Jessica. You constrict Jessica.
Jessica hits you with a +0 dagger.
* * * LOW HITPOINT WARNING * * *
The goblin hits you with a +0 club.
* * * LOW HITPOINT WARNING * * *
You tentacle-slap Jessica but do no damage.
Jessica is lightly wounded.
You constrict Jessica. Jessica hits you with a +0 dagger.
You die...

.## ..#. ..
... ..# #..
..# # #.# ...#
#. #.###...#.#
#.##.#.g.....#
#..†.#@# .#
#..<.#@#...#.
#....).......#
#.####.#.#.#.#
#. ..#... #
..# ..# ....
..# ##.# .#
... ..


You could see Jessica (strong) and a goblin.

Vanquished Creatures
  An adder (D:2)
  2 giant cockroaches (D:1)
  2 goblins (D:1)
  A hobgoblin (D:1)
  2 quokkas (D:1)
  2 ball pythons
  A frilled lizard (D:1)
  A kobold (D:1)
  A rat (D:1)
13 creatures vanquished.

Notes
Turn   | Place    | Note
-------+----------+-------------------------------------------
     0 | D:1      | M4edhros the Octopode Transmuter began the quest for the
                  | Orb.
     0 | D:1      | Reached XP level 1. HP: 13/13 MP: 3/3
   330 | D:1      | Reached XP level 2. HP: 18/18 MP: 5/5
   460 | D:2      | Noticed Jessica
   466 | D:2      | Reached skill level 4 in Unarmed Combat
   467 | D:2      | Slain by Jessica

Illustrated notes

Levels and vault maps discovered:
D:1:      tarquinn_simple_flora_water_d, layout_loops_ring, serial_shops, shop,
          minmay_liquid_box
D:2:      layout_basic, basic_altar, serial_shops, nicolae_shop_waterfront,
          shop, shapermc_ecumenical_altar_gd, uniq_jessica

Skill      XL: |  1  2 |
---------------+-------+-----
Unarmed Combat | 4 |  4.0
Fighting       | |  1.0
Dodging        | |  2.0
Spellcasting   | |  2.0
Transmutations | |  2.0

Action                     || total
---------------------------++-------
  Melee: Unarmed           ||    36
         Constrict         ||    11
         Tentacles         ||     7
         Kick              ||     1
   Cast: Beastly Appendage ||     1
   Stab: Sleeping          ||     3
  Dodge: Dodged            ||    20

Table legend: (Time is in decaauts)
 A = Elapsed time spent in this place.
 B = Non-inter-level travel time spent in this place.
 C = Inter-level travel time spent in this place.
 D = Time resting spent in this place.
 E = Time spent auto-exploring this place.
 F = Levels seen in this place.
 G = Mean time per level.
                   A        B        C        D        E       F      G
               +--------+--------+--------+--------+--------+-----+--------+
         Total |    464 |    453 |     11 |    100 |    262 |   2 |  232.0 |
       Dungeon |    464 |    453 |     11 |    100 |    262 |   2 |  232.0 |
               +--------+--------+--------+--------+--------+-----+--------+

Top non-repeatable levels by time:
     D:1: 451 daAuts
     D:2: 13 daAuts
